 Dungeon Crawl Stone Soup version 0.21.1-1-g345015f (webtiles) character file.

120113 Bnni the Slayer (level 16, -2/151 HPs)
             Began as a Minotaur Monk on June 17, 2018.
             Was the Champion of Hepliaklqana.
             Slain by a tarantella (5 damage)
             ... on level 1 of the Spider Nest on June 18, 2018.
             The game lasted 01:33:55 (31080 turns).

Bnni the Slayer (Minotaur Monk)                    Turns: 31080, Time: 01:33:55

Health: -2/151     AC: 32    Str: 27    XL:     16   Next: 29%
Magic:  17/21      EV: 10    Int:  7    God:    Hepliaklqana [******]
Gold:   734        SH:  0    Dex: 14    Spells: 3/15 levels left

rFire    + + +     SeeInvis +   a - +0 battleaxe
rCold    . . .     Gourm    .   (shield currently unavailable)
rNeg     . . .     Faith    .   u - +12 chain mail of Sif Muna's Fury {SInv}
rPois    +         Spirit   .   (helmet restricted)
rElec    +         Reflect  .   q - +1 cloak {+Inv}
rCorr    .         Harm     .   H - +2 pair of gloves {archery}
MR       +....                  h - +2 pair of boots
Stlth    ..........             N - amulet of rage
HPRegen  0.35/turn              e - ring of Hiak {rF+ Str+5 Stlth+}
MPRegen  0.17/turn              X - ring of Pehoinug {rElec rPois rF++}

@: no status effects
A: retaliatory headbutt, reduced essence, horns 2
a: Recall Ancestor, Ancestor Identity, Transference, Idealise, Renounce
Religion, Evoke Berserk Rage, Evoke Invisibility


You were on level 1 of the Spider Nest.
You worshipped Hepliaklqana.
Hepliaklqana was exalted by your worship.
You were not hungry.

You visited 6 branches of the dungeon, and saw 27 of its levels.
You visited the Abyss 1 time.

You collected 2434 gold pieces.
You spent 1700 gold pieces at shops.

Inventory:

Hand Weapons
 a - a +0 battleaxe (weapon)
 f - a +3 longbow of flaming
Missiles
 l - 202 arrows
Armour
 h - a +2 pair of boots (worn)
 q - a +1 cloak of invisibility (worn)
 u - the +12 chain mail of Sif Muna's Fury (worn) {SInv}
   (You found it on level 4 of the Lair of Beasts)

   It lets you see invisible.
 H - a +2 pair of gloves of archery (worn)
Jewellery
 e - the ring of Hiak (left hand) {rF+ Str+5 Stlth+}
   (You bought it in a shop on level 2 of the Orcish Mines)

   [ring of strength]

   It affects your strength (+5).
   It protects you from fire.
   It makes you more stealthy.
 o - an uncursed ring of protection from cold
 p - an uncursed amulet of magic regeneration
 N - an amulet of rage (around neck)
 X - the ring of Pehoinug (right hand) {rElec rPois rF++}
   (You bought it in a shop on level 15 of the Dungeon)

   [ring of poison resistance]

   It greatly protects you from fire.
   It insulates you from electricity.
   It protects you from poison.
Wands
 j - a wand of paralysis (10)
 x - a wand of flame (66)
Scrolls
 d - 8 scrolls of remove curse
 i - a scroll of fog
 k - 13 scrolls of teleportation
 z - 4 scrolls of magic mapping
 B - 4 scrolls of identify
 G - 2 scrolls of blinking
 I - 4 scrolls of holy word
 S - 3 scrolls of fear
Potions
 c - 3 potions of flight
 g - 6 potions of curing
 n - 3 potions of cancellation
 r - 2 potions of might
 D - 6 potions of heal wounds
 E - a potion of haste
 K - 2 potions of agility
 R - 2 potions of berserk rage
Books
 A - a book of Debilitation

   Spells                             Type                      Level
   a - Corona                         Hexes                        1
   b - Slow                           Hexes                        2
   c - Inner Flame                    Hexes/Fire                   3
   d - Portal Projectile              Hexes/Translocation          3
   e - Cause Fear                     Hexes                        4
   f - Leda's Liquefaction            Hexes/Earth                  4
Comestibles
 b - 29 rations


   Skills:
 + Level 21.6 Fighting
 - Level 20.0 Axes
 * Level 7.3 Bows
 - Level 10.0 Armour
 - Level 3.2 Dodging
 - Level 1.5 Stealth
 - Level 8.0 Invocations


You had 3 spell levels left.
You knew the following spells:

 Your Spells              Type           Power        Failure   Level  Hunger
a - Apportation           Tloc           #.....       91%         1    ##.....
b - Silence               Hex/Air        #.........   100%        5    ######.
c - Deflect Missiles      Chrm/Air       #.........   100%        6    #######


Dungeon Overview and Level Annotations

Branches:
Dungeon (15/15)            Temple (1/1) D:6            Lair (6/6) D:10
 Shoals (0/4) Lair:3       Spider (2/4) Lair:4        Slime (1/5) Lair:6
    Orc (2/2) D:9             Elf (0/3) Orc:2        Vaults (0/5) D:14
 Depths (0/5) D:15

Altars:
Ashenzari
Cheibriados
Dithmenos
Elyvilon
Fedhas
Gozag
Hepliaklqana
Kikubaaqudgha
Makhleb
Nemelex Xobeh
Okawaru
Qazlal
Ru
Sif Muna
Trog
Uskayaw
Vehumet
Wu Jian
Xom
Yredelemnul
Zin
The Shining One
Jiyva

Shops:
D:6 %   D:13 *   D:15 =   Orc:1 !   Orc:2 %[:=

Annotations:
Lair:2 exclusion: ice statue
Lair:4 exclusion: 3 oklob plants
Spider:1 Donald


Innate Abilities, Weirdness & Mutations

You reflexively headbutt those who attack you in melee.
You have a pair of horns on your head.
Your life essence is reduced to manifest your ancestor. (-10% HP)


Message History

Donald hits you with a long sword of flaming.
* * * LOW HITPOINT WARNING * * *
The tarantella barely misses you. You furiously retaliate!
You headbutt the tarantella!
You kill the tarantella!
What are your orders? t - Shout!
Orders for allies: a - Attack new target. r - Retreat! s - Stop attacking. g - Guard the area. f - Follow me.
Anything else - Cancel.
Gang up on whom?
Press: ? - help, Dir - move target cursor, f - Donald
Aim: Donald, wielding a long sword of flaming, wearing a glowing chain mail and wearing a glowing shield (moderately wounded, fast, unusually strong, lightly drained) Attack!
The tarantella bites you but does no damage.
Donald hits you with a long sword of flaming!
* * * LOW HITPOINT WARNING * * *
The tarantella bites you.
You die...

##^....##..........#≈#^....
#.......#............###...
###.....##............>....
##.....##................
#.....s###########......
####...R................
#.................^.....
#≈....s@>...#R...#......
##.....@§####....#....#.
##..#####....#..#...^≈.
####...≈#...#.≈#....##
#.........##≈....##.
##..........#....##..
##≈≈####.....######...
#≈#............≈..^...
##.......)#....#...^..
#.^##...##...##..#...


You could see the friendly Stabby McGee the hexer (confused), Donald, a jumping
spider and a tarantella.

Vanquished Creatures
  A storm dragon (D:14)
  A fire giant (D:15)
  The ghost of adept the Cleaver, a journeyman GnBe of Trog (Lair:6)
  An entropy weaver (Spider:1)
  A stone giant (Orc:2)
  Nessos (D:15)
  The ghost of inc the Cleaver, a journeyman BaIE of Ashenzari (Orc:2)
  A fire dragon (Lair:6)
  A yaktaur captain (D:14)
  Erolcha (D:11)
  An ice dragon (Lair:6)
  2 vault guards (D:14)
  5 hydras
  Erica (D:9)
  A catoblepas (Lair:5)
  4 two-headed ogres
  2 tengu warriors (D:13)
  3 centaur warriors
  5 death yaks
  4 orc high priests (Orc:2)
  6 skeletal warriors
  A flayed ghost (D:14)
  A swamp dragon (Lair:6)
  A lindwurm (Lair:6)
  7 wizards
  A deep elf archer (D:14)
  6 orc knights
  5 wolf spiders
  A deep elf mage (D:15)
  5 cyclopes
  9 ugly things (D:14)
  3 orb spiders (Spider:1)
  A manticore (D:14)
  3 orc sorcerers
  A wolf spider zombie (D:15)
  3 black mambas
  6 torpor snails
  15 spiny frogs
  4 gargoyles
  4 demonic crawlers (Spider:1)
  10 komodo dragons
  5 rime drakes
  3 tyrant leeches (Lair:6)
  8 jumping spiders
  6 hornets
  5 trolls
  2 polar bears
  17 blink frogs
  A blink frog (shapeshifter) (D:14)
  11 slime creatures
  13 dream sheep
  7 hippogriffs
  A snapping turtle (Lair:3)
  2 wraiths
  24 redbacks
  A shadow (D:14)
  9 tarantellas (Spider:1)
  3 basilisks
  20 yaks
  Sigmund (D:3)
  19 humans
  8 vampire mosquitoes
  2 wargs (Orc:2)
  Grum (D:9)
  2 hungry ghosts
  A steam dragon (Lair:6)
  2 acid dragons
  An insubstantial wisp (Lair:1)
  8 water moccasins
  Duvessa (D:6)
  6 porcupines
  2 black bears (D:9)
  2 swamp drakes (Lair:6)
  18 orc warriors
  7 ice beasts
  A black bear (shapeshifter) (D:14)
  5 necrophages (D:7)
  2 phantoms
  2 sky beasts
  8 ogres
  2 eyes of draining
  11 wolves
  20 centaurs
  12 crocodiles
  A big kobold (D:14)
  16 bullfrogs
  A wyvern zombie (D:12)
  Dowan (D:6)
  2 wyvern skeletons
  A water moccasin zombie (D:5)
  3 scorpions
  A hexer (Orc:1)
  A hornet simulacrum (D:15)
  3 wights (D:6)
  4 howler monkeys
  An electric eel (Spider:1)
  A bullfrog zombie (D:9)
  A centaur zombie (D:7)
  6 crimson imps
  Crazy Yiuf (D:2)
  3 hounds
  3 jellies
  2 bullfrog skeletons
  29 orc priests
  6 centaur skeletons
  2 iguanas
  26 orc wizards
  9 worker ants
  A hound zombie (D:7)
  A hound skeleton (D:8)
  16 gnolls
  A howler monkey skeleton (D:10)
  2 worker ant zombies
  13 adders
  2 shadow imps
  A white imp (Lair:2)
  An adder zombie (D:6)
  A worm (D:3)
  2 dart slugs
  4 leopard geckos
  56 orcs
  4 giant cockroaches
  8 goblins
  4 hobgoblins
  16 jackals
  8 quokkas
  3 bats
  A frilled lizard (D:5)
  10 kobolds
  A leopard gecko zombie (D:6)
  3 quokka zombies
  9 rats
  4 bushes
  8 fungi
  2 plants (Lair:6)
719 creatures vanquished.

Vanquished Creatures (collateral kills)
  Agnes (D:15)
  A great orb of eyes (D:14)
  A centaur warrior (D:15)
  2 two-headed ogres
  A deep troll earth mage (D:15)
  A skeletal warrior (D:14)
  An unseen horror (D:9)
  The ghost of inc the Poker, a novice OpIE of Gozag (D:6)
  3 wolf spiders (Spider:1)
  An orc knight (Orc:2)
  3 ugly things
  A moth of wrath (Spider:2)
  A black mamba (Lair:6)
  A komodo dragon (Lair:6)
  2 trolls
  A tyrant leech (Lair:6)
  A hornet (Lair:6)
  A jumping spider (Spider:1)
  A polar bear (Lair:6)
  A slime creature (D:14)
  Prince Ribbit (D:9)
  3 dream sheep
  3 blink frogs (Lair:3)
  A wyvern (D:15)
  3 redbacks
  A vampire (D:11)
  A tarantella (Spider:1)
  A yak (Lair:6)
  A wraith (D:10)
  A vampire mosquito (Lair:1)
  A hungry ghost (D:12)
  A water moccasin (Lair:2)
  An orc warrior (D:15)
  An ice beast (Lair:2)
  A centaur (D:13)
  An ogre (D:9)
  2 wolves (D:8)
  A bullfrog (D:9)
  3 orc priests (Orc:2)
  An orc wizard (Orc:2)
  An adder skeleton (D:7)
  6 orcs
  A bush (D:7)
  4 fungi
67 creatures vanquished.

Vanquished Creatures (others)
  A wizard (D:6)
  17 hexers
  6 fungi
  28 plants
52 creatures vanquished.

Grand Total: 838 creatures vanquished

Notes
Turn   | Place    | Note
-------+----------+-------------------------------------------
     0 | D:1      | Bnni the Minotaur Monk began the quest for the Orb.
     0 | D:1      | Reached XP level 1. HP: 19/19 MP: 0/0
   398 | D:1      | Reached XP level 2. HP: 27/27 MP: 1/1
   638 | D:1      | Reached skill level 4 in Fighting
   790 | D:1      | Reached XP level 3. HP: 29/33 MP: 2/2
   793 | D:1      | Reached skill level 5 in Axes
  1322 | D:2      | Found a runed door.
  1455 | D:2      | Reached XP level 4. HP: 41/41 MP: 3/3
  1875 | D:2      | Noticed Crazy Yiuf
  1884 | D:2      | Killed Crazy Yiuf
  2001 | D:3      | Noticed Sigmund
  2002 | D:3      | Found an iron altar of Okawaru.
  2019 | D:3      | Killed Sigmund
  2019 | D:3      | Reached skill level 5 in Fighting
  2019 | D:3      | Reached XP level 5. HP: 24/48 MP: 4/4
  2020 | D:3      | Reached XP level 6. HP: 28/56 MP: 5/5
  2229 | D:3      | Found a sparkling altar of Nemelex Xobeh.
  2230 | D:3      | Found a burning altar of Makhleb.
  2231 | D:3      | Found a stormy altar of Qazlal.
  2243 | D:3      | Found a snail-covered altar of Cheibriados.
  2260 | D:3      | Found a glowing golden altar of the Shining One.
  2868 | D:4      | Reached skill level 6 in Fighting
  3168 | D:4      | Reached XP level 7. HP: 63/63 MP: 6/6
  3473 | D:5      | Entered Level 5 of the Dungeon
  3473 | D:5      | Noticed a two-headed ogre
  3742 | D:5      | Reached skill level 7 in Fighting
  4060 | D:5      | Reached XP level 8. HP: 73/73 MP: 7/7
  4069 | D:5      | Reached skill level 10 in Axes
  4606 | D:5      | Killed a two-headed ogre
  4606 | D:5      | Reached skill level 8 in Fighting
  4779 | D:6      | Found Paugisen's Food Boutique.
  4833 | D:6      | Reached XP level 9. HP: 73/82 MP: 8/8
  4852 | D:6      | Reached skill level 9 in Fighting
  5123 | D:6      | Noticed Duvessa
  5123 | D:6      | Noticed Dowan
  5134 | D:6      | Killed Duvessa
  5145 | D:6      | Killed Dowan
  5367 | D:6      | Found a staircase to the Ecumenical Temple.
  5374 | Temple   | Entered the Ecumenical Temple
  5426 | Temple   | Became a worshipper of Hepliaklqana the Forgotten
  5426 | Temple   | Reached * piety under Hepliaklqana
  5426 | Temple   | Reached ** piety under Hepliaklqana
  5544 | D:6      | Remembered your ancestor Stabby McGee as a hexer
  5560 | D:6      | Noticed inc's ghost (novice OpIE)
  5577 | D:6      | Killed inc's ghost
  5782 | D:6      | Noticed a two-headed ogre
  5828 | D:6      | Killed a two-headed ogre
  5828 | D:6      | Reached skill level 10 in Fighting
  6332 | D:6      | Found a bloodstained altar of Trog.
  6338 | D:6      | Noticed a wizard
  6344 | D:6      | Killed a wizard
  6537 | D:7      | Found a blossoming altar of Fedhas.
  6594 | D:7      | Reached XP level 10. HP: 84/84 MP: 9/9
  6712 | D:7      | Paralysed by a hornet for 2 turns
  6957 | D:7      | Found a shattered altar of Ashenzari.
  7182 | D:8      | Reached skill level 11 in Fighting
  7471 | D:8      | Reached *** piety under Hepliaklqana
  7608 | D:9      | Noticed Grum
  7640 | D:9      | Killed Grum
  7783 | D:9      | Found a staircase to the Orcish Mines.
  7814 | D:9      | Reached skill level 15 in Axes
  7824 | D:9      | Noticed Prince Ribbit
  7843 | D:9      | Killed Prince Ribbit
  7852 | D:9      | Noticed Erica
  7863 | D:9      | Killed Erica
  8393 | D:9      | Killed an unseen horror
  8393 | D:9      | Reached skill level 12 in Fighting
  8393 | D:9      | Reached skill level 1 in Invocations
  8393 | D:9      | Reached XP level 11. HP: 84/93 MP: 4/11
  8629 | D:10     | Entered Level 10 of the Dungeon
  8751 | D:10     | Found a staircase to the Lair.
  8872 | D:10     | Reached **** piety under Hepliaklqana
  9345 | D:10     | Noticed a two-headed ogre
  9352 | D:10     | Killed a two-headed ogre
  9608 | D:11     | Noticed Erolcha
  9622 | D:11     | Killed Erolcha
  9806 | D:11     | Reached skill level 13 in Fighting
  9925 | D:11     | Found a deep blue altar of Sif Muna.
  9980 | D:11     | Reached skill level 5 in Invocations
 10944 | Lair:1   | Entered Level 1 of the Lair of Beasts
 11615 | Lair:1   | Noticed a six-headed hydra
 11643 | Lair:1   | Killed a ten-headed hydra
 11643 | Lair:1   | Reached skill level 14 in Fighting
 12001 | Lair:1   | Reached ***** piety under Hepliaklqana
 12024 | Lair:1   | Reached XP level 12. HP: 101/105 MP: 16/16
 12597 | Lair:2   | Noticed a five-headed hydra
 12614 | Lair:2   | Killed a five-headed hydra
 12835 | Lair:2   | Reached skill level 15 in Fighting
 13580 | Lair:2   | Reached skill level 16 in Fighting
 13839 | Lair:3   | Noticed a seven-headed hydra
 13858 | Lair:3   | Killed a seven-headed hydra
 13895 | Lair:3   | Found a burning altar of Makhleb.
 14062 | Lair:3   | Reached skill level 17 in Fighting
 14288 | Lair:3   | Found a staircase to the Shoals.
 14423 | Lair:3   | Got a warped bronze amulet
 14425 | Lair:3   | Identified the amulet "Jemoc" {Harm *Drain Dex+3} (You found it on level 3 of the Lair of Beasts)
 14714 | Lair:4   | Got a faintly humming chain mail
 14723 | Lair:4   | Reached XP level 13. HP: 41/119 MP: 18/18
 14948 | Lair:4   | Identified the +12 chain mail of Sif Muna's Fury {SInv} (You found it on level 4 of the Lair of Beasts)
 15119 | Lair:4   | Reached ****** piety under Hepliaklqana
 15258 | Lair:4   | Found a hole to the Spider Nest.
 15272 | Lair:4   | Reached skill level 18 in Fighting
 16033 | Lair:5   | Reached skill level 1 in Armour
 16700 | Lair:6   | Entered Level 6 of the Lair of Beasts
 17332 | Lair:6   | Found a viscous altar of Jiyva.
 17332 | Lair:6   | Found a staircase to the Slime Pits.
 17668 | Lair:6   | Reached skill level 5 in Armour
 17670 | Lair:6   | Noticed a fire dragon
 17676 | Lair:6   | Noticed adept's ghost (journeyman GnBe)
 18142 | Lair:6   | Found a runed door.
 18171 | Lair:6   | Reached XP level 14. HP: 129/129 MP: 19/19
 18425 | Lair:6   | Killed adept's ghost
 18425 | Lair:6   | Reached skill level 19 in Fighting
 19537 | Orc:1    | Entered Level 1 of the Orcish Mines
 19654 | Orc:1    | Found Kotyseex's Distillery.
 19666 | Orc:1    | Bought a potion of heal wounds for 75 gold pieces
 19666 | Orc:1    | Bought a potion of heal wounds for 75 gold pieces
 19666 | Orc:1    | Bought a potion of heal wounds for 75 gold pieces
 19666 | Orc:1    | Found a burning altar of Makhleb.
 20073 | Orc:2    | Entered Level 2 of the Orcish Mines
 20187 | Orc:2    | Noticed inc's ghost (journeyman BaIE)
 20215 | Orc:2    | Killed inc's ghost
 20584 | Orc:2    | Found a staircase to the Elven Halls.
 21000 | Orc:2    | Found Qiucobb's Jewellery Emporium.
 21000 | Orc:2    | Found Xeengura's Armour Shoppe.
 21001 | Orc:2    | Found Iritut's Food Shoppe.
 21013 | Orc:2    | Found Vatwadosch's Book Emporium.
 21125 | Orc:2    | Noticed a stone giant
 21139 | Orc:2    | Killed a stone giant
 21701 | Orc:2    | Bought the ring of Hiak {rF+ Str+5 Stlth+} for 754 gold pieces
 21840 | D:12     | Cast into level 2 of the Abyss (a wizard)
 21847 | D:12     | Escaped the Abyss
 22861 | D:13     | Found Ytonoici's Demolitions Depot.
 23801 | D:14     | Reached XP level 15. HP: 94/139 MP: 20/20
 24920 | D:14     | Found a gate to the Vaults.
 24932 | D:14     | Reached skill level 20 in Fighting
 25256 | D:14     | Reached skill level 10 in Armour
 25289 | D:14     | Noticed a storm dragon
 25307 | D:14     | Killed a storm dragon
 25649 | D:15     | Entered Level 15 of the Dungeon
 25745 | D:15     | Found Adiub's Jewellery Shop.
 25757 | D:15     | Bought the ring of Pehoinug {rElec rPois rF++} for 721 gold pieces
 25767 | D:15     | Noticed Nessos
 26568 | D:15     | Learned a level 1 spell: Apportation
 26774 | D:15     | Found a staircase to the Depths.
 26774 | D:15     | Noticed a fire giant
 26932 | D:15     | Killed a fire giant
 26942 | D:15     | Killed Nessos
 26942 | D:15     | Reached skill level 21 in Fighting
 27275 | D:15     | Reached skill level 1 in Bows
 27493 | D:15     | Noticed Agnes
 28359 | D:15     | Killed Agnes
 28648 | Lair:6   | Learned a level 5 spell: Silence
 28655 | Lair:6   | Learned a level 6 spell: Deflect Missiles
 28740 | Slime:1  | Entered Level 1 of the Pits of Slime
 29477 | Spider:1 | Entered Level 1 of the Spider Nest
 29495 | Spider:1 | Reached XP level 16. HP: 146/150 MP: 21/21
 29931 | Spider:1 | Reached skill level 5 in Bows
 31059 | Spider:2 | Noticed Donald
 31080 | Spider:1 | HP: 3/151 [Donald/long sword of flaming (16)]
 31080 | Spider:1 | Slain by a tarantella

Skill      XL: |  1  2  3  4  5  6  7  8  9 10 11 12 13 14 15 16 |
---------------+-------------------------------------------------+-----
Axes           | 4 5 7 8 9 11 13 15 16 17 19 20 | 20.0
Fighting       | 4 5 6 7 8 10 12 14 17 18 19 21 | 21.6
Invocations    | 1 7 8 |  8.0
Armour         | 5 8 10 | 10.0
Bows           | 4 7 |  7.3
Dodging        | |  3.2
Stealth        | |  1.5

Action                   |  1- 3 |  4- 6 |  7- 9 | 10-12 | 13-15 | 16-18 || total
-------------------------+-------+-------+-------+-------+-------+-------++-------
Melee: Hand axe          |   162 |    69 |       |       |       |       ||   231
       Headbutt          |    40 |    19 |    44 |   129 |   329 |    34 ||   595
       War axe           |       |    50 |    57 |   284 |       |       ||   391
       Broad axe         |       |       |   133 |   259 |   600 |       ||   992
       Unarmed           |       |       |       |    15 |       |       ||    15
       Battleaxe         |       |       |       |       |   446 |   122 ||   568
 Fire: Blowgun           |       |       |       |     9 |     9 |       ||    18
       Longbow           |       |       |       |       |       |    11 ||    11
Invok: Ancestor Life: He |       |       |     1 |       |       |       ||     1
       Ancestor Identity |       |       |     1 |       |       |       ||     1
       Recall Ancestor   |       |       |       |       |     7 |     1 ||     8
       Idealise          |       |       |       |       |       |     2 ||     2
 Abil: Evoke Berserk Rag |       |       |       |     2 |     1 |       ||     3
Evoke: Wand              |       |       |    12 |     2 |     2 |       ||    16
  Use: Scroll            |     3 |       |     5 |    16 |    12 |     1 ||    37
       Potion            |       |     2 |     2 |     6 |     3 |     2 ||    15
 Stab: Sleeping          |     1 |     1 |     1 |       |       |       ||     3
       Distracted        |       |       |       |     7 |    20 |     1 ||    28
       Confused          |       |       |       |     6 |     6 |     1 ||    13
       Paralysed         |       |       |       |       |    11 |     3 ||    14
  Eat: Chunk             |     2 |     5 |     7 |    23 |    30 |     1 ||    68
       Ration            |       |       |     1 |     2 |     6 |     1 ||    10
Armor: Robe              |     3 |       |       |       |       |       ||     3
       Ring mail         |     9 |    35 |    15 |       |       |       ||    59
       Scale mail        |       |       |    21 |       |       |       ||    21
       Plate armour      |       |       |    35 |   241 |       |       ||   276
       Chain mail        |       |       |       |    71 |   675 |   198 ||   944
       Skin              |       |       |       |    64 |       |       ||    64
Dodge: Dodged            |    55 |    70 |    72 |   186 |   393 |   117 ||   893
